AoeStats
← EXILE | NOPALITO

Nomad

510039302Analyzed
4v4 RM · 4d ago on Sep 29, 2026· 46m 32s· 8 players
Game mode
Random Map
Map size
231×231
Population
200
Speed
Normal
Resources
Standard
Victory
Conquest
Starting age
Dark Age
Ending age
Imperial Age
RankedLock teamsTeams togetherTeam positionsShared explorationLock speedFull tech treeHidden civsTurbo modeCheats
Victory
Defeat
🇨🇳 Magyars · China
1716
+13
🇺🇸 Vikings · United States
1456
+23
🇹🇼 Persians · Taiwan
1449
+23
🇺🇸 Varangians · United States
1436
+24
🇨🇳 Mongols · China
1804
-25
🇧🇷 Sicilians · Brazil
1591
-20
🇪🇸 Persians · Spain
1568
-19
🇨🇳 Vietnamese · China
1567
-19
爱人跟人走
4:26 Loom
11:52 Feudal Age
12:25 Town Watch
12:28 Double-Bit Axe
15:54 Fishing Lines
21:23 Castle Age
21:13 Stone Mining
22:22 Bow Saw
22:03 Gillnets
22:06 Fletching
22:49 Bodkin Arrow
24:08 Gold Mining
24:58 Ballistics
24:40 Padded Archer Armor
30:56 Imperial Age
32:00 Wheelbarrow
32:17 Bracer
34:28 Chemistry
34:26 Horse Collar
37:01 Heavy Plow
40:00 Hand Cart
40:12 Capped Ram
41:15 Drill
41:12 Town Patrol
41:48 Siege Ram
42:53 Conscription
42:50 Leather Archer Armor
43:53 Fortified Wall
43:07 Elite Mangudai
46:17 Bloodlines
46:34 Parthian Tactics
46:11 Husbandry
Element-Dy
11:22 Loom
14:07 Feudal Age
15:04 Fishing Lines
16:25 Wheelbarrow
19:00 Castle Age
17:53 Double-Bit Axe
19:50 Fletching
19:57 Gillnets
20:20 Bow Saw
19:54 Horse Collar
21:41 Hand Cart
21:45 Bodkin Arrow
22:51 Padded Archer Armor
22:53 Gold Mining
23:38 Medium Warships
25:26 Stone Mining
26:11 Leather Archer Armor
31:19 Scale Mail Armor
31:29 Forging
36:11 Imperial Age
34:45 Stone Shaft Mining
34:26 Heavy Plow
37:25 Imperial Age
35:19 Ballistics
35:10 Masonry
34:40 Treadmill Crane
35:14 Masonry
37:37 Murder Holes
39:03 Bracer
40:06 Chemistry
39:01 Pikeman
39:41 Squires
40:10 Chain Mail Armor
39:53 Halberdier
43:05 Plate Mail Armor
43:05 Ring Archer Armor
42:57 Thumb Ring
PoopMaster
5:24 Loom
30:37 Feudal Age
31:33 Double-Bit Axe
31:45 Gold Mining
33:07 Horse Collar
37:19 Wheelbarrow
37:49 Fishing Lines
40:39 Castle Age
King of Puchi
3:33 Loom
13:13 Feudal Age
15:32 Forging
15:14 Double-Bit Axe
15:11 Horse Collar
15:54 Gold Mining
25:26 Castle Age
26:35 Bow Saw
27:29 Wheelbarrow
26:39 Town Watch
30:36 Scale Barding Armor
37:01 Bloodlines
37:26 Husbandry
38:19 Heavy Plow
39:21 Iron Casting
39:09 Chain Barding Armor
40:03 Iron Casting
40:04 Fletching
EXILE | NOPALITO
7:43 Loom
14:03 Feudal Age
15:06 Double-Bit Axe
19:54 Fletching
26:07 Castle Age
27:11 Medium Warships
27:41 Bow Saw
28:41 Ballistics
28:23 Bodkin Arrow
34:41 Imperial Age
33:23 Horse Collar
34:32 Squires
34:18 Arson
37:20 Conscription
37:03 Bracer
37:04 Padded Archer Armor
38:09 Chemistry
38:23 Two-Man Saw
37:12 Elite Skirmisher
38:45 Leather Archer Armor
41:30 Ring Archer Armor
40:44 Treadmill Crane
42:16 Masonry
44:07 Capped Ram
45:29 Siege Ram
hkc02
4:27 Loom
13:01 Feudal Age
17:16 Castle Age
17:19 Double-Bit Axe
23:10 Forging
39:49 Wheelbarrow
40:06 Bow Saw
44:51 Imperial Age
43:06 Fletching
43:33 Padded Archer Armor
44:19 Bodkin Arrow
44:56 Cranequins
45:44 Bracer
46:51 Leather Archer Armor
47:28 Ballistics
feely
3:07 Loom
14:05 Feudal Age
14:18 Town Watch
16:02 Double-Bit Axe
22:05 Forging
28:39 Castle Age
29:41 Medium Warships
29:53 Gold Mining
38:42 Fishing Lines
44:06 Wheelbarrow
小白
4:09 Loom
13:34 Feudal Age
17:44 Castle Age
15:49 Double-Bit Axe
17:22 Bloodlines
17:31 Scale Barding Armor
17:57 Light Cavalry
23:45 Wheelbarrow
24:48 Husbandry
24:30 Horse Collar
26:13 Chain Barding Armor
27:14 Heavy Plow
27:18 Gold Mining
35:40 Imperial Age
35:48 Cavalier
37:37 Plate Barding Armor
37:25 Conscription
42:30 Ballistics
43:42 Paladin
45:02 Bow Saw
45:24 Crop Rotation
45:39 Gold Shaft Mining
46:38 Fletching
46:58 Siege Engineers
Connection lost

Rejoining the realm…

Still unreachable

The connection could not be restored.

Session expired

The server has moved on; the page needs a fresh start.